 Dungeon Crawl Stone Soup version 0.31.0-1-g2c135a008e (webtiles) character file.

Game seed: 4533079484394264868

104 qw the Shooter (level 5, -1/40 HPs)
             Began as a Djinni Hunter on Jan 23, 2024.
             Blown up by Ijyb (9 damage)
             ... with a mindburst bolt
             ... on level 3 of the Dungeon.
             The game lasted 00:00:08 (2127 turns).

qw the Shooter (Djinni Hunter)                      Turns: 2127, Time: 00:00:09

Health: -1/40      AC:  6    Str: 10    XL:     5   Next: 7%
Gold:   103        EV: 13    Int: 10    God:
                   SH:  0    Dex: 19

rFire   + + .        a - +0 shortbow
rCold   x . .        (shield currently unavailable)
rNeg    . . .        c - +0 leather armour
rPois   inf          d - +1 helmet
rElec   .            m - +0 cloak
rCorr   .            (no gloves)
SInv    .            (boots unavailable)
Will    .....        (no amulet)
Stlth   ++           (no ring)
HPRegen 0.26/turn    (no ring)
MPRegen 0.00/turn

%: infuse magic (-2 HP)
@: flying
A: sickness immunity, fire resistance 2, cold vulnerability 1, float, innate
caster, HP casting, extra vitality 1
a: no special abilities


You were on level 3 of the Dungeon.
You visited 1 branch of the dungeon, and saw 3 of its levels.

You collected 103 gold pieces.


Innate Abilities, Weirdness & Mutations

You are immune to sickness and miasma.
You are immune to poison.
Your flesh is very heat resistant. (rF++)
You are vulnerable to cold. (rC-)
You float through the air rather than walking.
You learn spells naturally, not from books.
Your magical power is your life essence.
You have superior vitality. (+4 MHP)


   Skills:
 - Level 3.0 Fighting
 + Level 4.1 Ranged Weapons
 - Level 1.0 Armour
 - Level 3.0 Dodging
 - Level 0.7 Stealth


You knew the following spells:

 Your Spells              Type           Power      Damage    Failure   Level
a - Sandblast             Erth           0%         2d4       45%         1
b - Lesser Beckoning      Tloc           0%         N/A       61%         2
Your spell library was empty.

Inventory:

Hand Weapons
 a - a +0 shortbow (weapon)
Armour
 c - a +0 leather armour (worn)
 d - a +1 helmet (worn)
 m - a +0 cloak (worn)
Jewellery
 i - a ring of positive energy
Scrolls
 b - 2 scrolls of identify
 f - a scroll of brand weapon {unknown}
 n - a scroll of enchant weapon {unknown}
Potions
 e - a potion of might
 g - a potion of brilliance {unknown}
 h - a potion of cancellation {unknown}
 j - 2 potions of curing {unknown}
 k - a potion of attraction {unknown}
 l - a potion of heal wounds {unknown}

Dungeon Overview and Level Annotations

Branches:
Dungeon (3/15)

Altars:

Annotations:
D:3 Ijyb


Message History

k - a smoky inky potion You now have 103 gold pieces (gained 5).
You shoot an arrow. The arrow barely misses Ijyb.
Ijyb shouts!
You shoot an arrow. The arrow hits Ijyb but does no damage.
You shoot an arrow. The arrow hits Ijyb but does no damage.
Ijyb zaps a wand.
Your mind is blasted!
You shoot an arrow. The arrow hits Ijyb!
Ijyb is moderately wounded.
You shoot an arrow. The arrow hits Ijyb.
Ijyb is moderately wounded.
You shoot an arrow. The arrow hits Ijyb but does no damage.
Ijyb is moderately wounded.
Ijyb closely misses you.
You shoot an arrow. The arrow closely misses Ijyb.
Ijyb hits you with a +2 dagger of flaming.
You shoot an arrow. The arrow closely misses Ijyb.
Ijyb hits you with a +2 dagger of flaming.
You shoot an arrow. The arrow hits Ijyb but does no damage.
Ijyb is moderately wounded.
Ijyb hits you but does no damage.
You shoot an arrow. The arrow hits Ijyb.
Ijyb is heavily wounded.
Ijyb misses you.
Ijyb hits you with a +2 dagger of flaming.
You shoot an arrow. The arrow hits Ijyb but does no damage.
Ijyb is heavily wounded.
Ijyb zaps a wand.
You struggle to resist.
You shoot an arrow. The arrow closely misses Ijyb.
Ijyb closely misses you.
You shoot an arrow. The arrow hits Ijyb but does no damage.
Ijyb is heavily wounded.
Ijyb closely misses you.
You shoot an arrow. The arrow hits Ijyb but does no damage.
Ijyb is heavily wounded.
Ijyb zaps a wand.
Your mind is blasted!
You shoot an arrow. The arrow hits Ijyb.
Ijyb is severely wounded.
Ijyb zaps a wand.
Your mind is blasted!
You die...

#.......##.......
#....<..##.......
##.....###...)...
##....)###.).....
##.....).)(.#######..
#......))##........).
#............######.#
#...g...####..#####..
###.@..## ##.......#
#.##....####....###
##.#####......##...# ###
#..# ####.........
#.####.### #.......[#
#........#### #........#
######.#....###........##
##.####..........#.##
#..#####.............


You could see Ijyb.

Vanquished Creatures
  Robin (D:3)
  2 adders (D:2)
  A ribbon worm (D:2)
  An orc (D:2)
  6 ball pythons
  3 bats
  5 endoplasms
  2 giant cockroaches
  15 goblins
  9 hobgoblins
  4 quokkas
  6 frilled lizards
  6 kobolds
  2 rats
63 creatures vanquished.

Notes
Turn   | Place    | Note
-------+----------+-------------------------------------------
     0 | D:1      | qw the Djinni Hunter began the quest for the Orb.
     0 | D:1      | Reached XP level 1. HP: 18/18 MP: 0/0
     0 | D:1      | 0 ||| qw: Version: 0.3-a-136-gdd3b4e8
     0 | D:1      | 0 ||| qw: Game counter: 1132
     0 | D:1      | 0 ||| qw: Melee chars always use a shield: true
     0 | D:1      | 0 ||| qw: God list: Okawaru
     0 | D:1      | 0 ||| qw: Allow faded altars: false
     0 | D:1      | 0 ||| qw: Do Orc after clearing Dungeon:15 true
     0 | D:1      | 0 ||| qw: Do second Lair branch before Depths: true
     0 | D:1      | 0 ||| qw: Lair rune preference: random
     0 | D:1      | 0 ||| qw: Goals: Normal
     0 | D:1      | 0 ||| PLANNING D:1-11
   136 | D:1      | Reached XP level 2. HP: 23/23 MP: 0/0
   537 | D:1      | Reached skill level 4 in Ranged Weapons
   537 | D:1      | Reached XP level 3. HP: 28/28 MP: 0/0
   537 | D:1      | Learned a level 1 spell: Sandblast
   766 | D:1      | 766 ||| UPGRADING to +0 helmet.
   771 | D:1      | 771 ||| UPGRADING to +0 cloak.
   776 | D:1      | 776 ||| READING scroll labelled QEGHIP HYE.
   877 | D:1      | 877 ||| READING scroll labelled ADOOLEZIFU.
   877 | D:1      | 877 ||| IDENTIFYING red potion
   878 | D:1      | 878 ||| READING scroll labelled DUNERPHUGEBB.
   879 | D:1      | 879 ||| DROPPING scroll of butterflies.
  1230 | D:2      | Reached XP level 4. HP: 34/34 MP: 0/0
  1255 | D:2      | Reached skill level 3 in Fighting
  1464 | D:2      | 1464 ||| READING scroll labelled MYR WEKHLAE.
  1469 | D:2      | 1469 ||| READING scroll labelled BACLIO BOTURI.
  1470 | D:2      | 1470 ||| READING scroll labelled XEISEU OKHU.
  1470 | D:2      | 1470 ||| ENCHANTING +0 helmet.
  1471 | D:2      | 1471 ||| DRINKING 2 fuming inky potions.
  1510 | D:2      | 1510 ||| DROPPING potion of lignification.
  1557 | D:3      | Noticed Robin
  1573 | D:3      | HP: 8/35 [Robin/+2 spear of venom (2)]
  1575 | D:3      | HP: 2/35 [Robin/+2 spear of venom (6)]
  1576 | D:3      | Killed Robin
  1577 | D:3      | Reached skill level 3 in Dodging
  1577 | D:3      | 1577 ||| FLEEEEING.
  1578 | D:3      | 1578 ||| FLEEEEING.
  1579 | D:3      | 1579 ||| FLEEEEING.
  1580 | D:3      | 1580 ||| STAIRDANCE
  1708 | D:3      | 1708 ||| STAIRDANCE
  1717 | D:3      | 1717 ||| STAIRDANCE
  1721 | D:2      | Reached skill level 1 in Armour
  1815 | D:3      | Reached XP level 5. HP: 40/40 MP: 0/0
  1815 | D:3      | Learned a level 2 spell: Lesser Beckoning
  1902 | D:3      | Noticed Ijyb
  1907 | D:3      | HP: 6/40 [disintegration (18)]
  1908 | D:3      | 1908 ||| READING scroll of teleportation.
  2126 | D:3      | HP: 8/40 [disintegration (18)]
  2127 | D:3      | Blown up by Ijyb

Levels and vault maps discovered:
D:1:      amcnicky_arrival_single_pillar, layout_basic, minmay_misc_feat_rugged,
          minmay_hexomino_p4
D:2:      layout_loops_cross
D:3:      layout_rooms, uniq_robin, uniq_ijyb, uniq_crazy_yiuf_cottage

Skill      XL: |  1  2  3  4 |
---------------+-------------+-----
Ranged Weapons | 4 |  4.1
Fighting       | 3 |  3.0
Dodging        | 3 |  3.0
Armour         | 1 |  1.0
Stealth        | |  0.7

Action                     |  1- 3 |  4- 6 || total
---------------------------+-------+-------++-------
   Fire: Shortbow          |    95 |   101 ||   196
    Use: Scroll            |     3 |     4 ||     7
         Potion            |       |     1 ||     1
 Armour: Leather armour    |    14 |    48 ||    62
  Dodge: Dodged            |    21 |    59 ||    80

Table legend:
 A = Non-vault XP
 B = Vault XP
 C = Vault XP percentage of total XP
 D = Non-vault monster count
 E = Vault monster count
 F = Vault count percentage of total count
                 A         B        C        D         E       F
            +---------+---------+-------+---------+---------+-------
      Total |     110 |      39 |  26.2 |      49 |      14 |  22.2
            +---------+---------+-------+---------+---------+-------
        D:1 |      29 |       3 |   9.4 |      16 |       2 |  11.1
        D:2 |      61 |       4 |   6.2 |      21 |       2 |   8.7
        D:3 |      20 |      32 |  61.5 |      12 |      10 |  45.5
            +---------+---------+-------+---------+---------+-------
